Unix NetHack Version 3.7.0-62 Work-in-progress - last build Aug 24 2022 02:59:55 (1754fd7919031489bd266d173cb7fe17fa02ec73,branch:master).

Game began 2022-08-21 18:55:48, ended 2022-08-25 04:55:16.

spontiff, neutral male gnomish Healer

  
stone
stone
stone
stone
stone
stone
stone
stone
stone
stone
stone
stone
stone
stone
stone
stone
stone
stone
stone
stone
stone
stone
stone
stone
stone
stone
stone
stone
stone
stone
stone
stone
stone
stone
stone
stone
stone
stone
stone
stone
stone
stone
stone
stone
stone
stone
stone
stone
stone
stone
stone
stone
stone
stone
stone
stone
stone
stone
stone
stone
stone
stone
stone
stone
stone
stone
stone
stone
stone
stone
stone
stone
stone
stone
stone
stone
stone
stone
stone
stone
stone
stone
stone
stone
stone
stone
stone
stone
stone
stone
stone
stone
stone
stone
stone
stone
stone
stone
stone
stone
stone
stone
stone
stone
stone
stone
stone
stone
stone
stone
stone
stone
stone
stone
stone
stone
stone
stone
stone
stone
stone
stone
stone
stone
stone
stone
stone
stone
stone
stone
stone
stone
stone
stone
stone
stone
stone
stone
stone
stone
stone
stone
stone
stone
stone
stone
stone
stone
stone
stone
stone
stone
stone
stone
stone
stone
stone
stone
stone
stone
stone
stone
stone
stone
stone
stone
stone
stone
stone
stone
stone
stone
stone
stone
stone
stone
stone
stone
stone
stone
stone
stone
stone
stone
stone
stone
stone
stone
stone
stone
stone
stone
stone
stone
stone
stone
stone
stone
stone
stone
stone
stone
stone
stone
stone
stone
stone
stone
stone
stone
stone
stone
stone
stone
stone
stone
stone
stone
stone
stone
stone
stone
stone
stone
stone
stone
stone
stone
stone
stone
stone
stone
stone
stone
stone
stone
stone
stone
stone
stone
stone
stone
stone
stone
stone
stone
stone
stone
stone
stone
stone
stone
stone
stone
stone
stone
stone
stone
stone
stone
stone
stone
stone
stone
stone
stone
stone
stone
stone
stone
stone
stone
stone
stone
stone
stone
stone
stone
stone
stone
stone
stone
stone
stone
stone
stone
stone
stone
stone
stone
stone
stone
stone
stone
stone
stone
stone
stone
stone
stone
stone
stone
stone
stone
stone
stone
stone
stone
stone
stone
stone
stone
stone
stone
stone
stone
stone
stone
stone
stone
stone
stone
stone
stone
stone
stone
stone
stone
stone
stone
stone
stone
stone
stone
stone
stone
stone
stone
stone
stone
stone
stone
stone
stone
stone
stone
stone
stone
stone
stone
stone
stone
stone
stone
stone
stone
stone
stone
stone
stone
stone
stone
stone
stone
stone
stone
stone
stone
stone
stone
stone
stone
stone
stone
stone
stone
stone
stone
stone
stone
stone
stone
stone
stone
stone
stone
stone
stone
stone
stone
stone
stone
stone
stone
stone
stone
stone
stone
stone
stone
stone
stone
stone
stone
stone
stone
stone
stone
stone
stone
stone
stone
stone
stone
stone
stone
stone
stone
stone
stone
stone
stone
stone
stone
stone
stone
stone
stone
stone
stone
stone
stone
stone
stone
stone
stone
wall
wall
wall
wall
wall
wall
wall
stone
stone
stone
stone
stone
stone
stone
stone
stone
stone
stone
stone
stone
stone
stone
stone
stone
stone
stone
stone
stone
stone
stone
stone
stone
stone
stone
stone
stone
stone
stone
stone
stone
stone
stone
stone
stone
stone
stone
stone
stone
stone
stone
stone
stone
stone
stone
stone
stone
stone
stone
stone
stone
stone
stone
stone
stone
stone
stone
stone
stone
stone
stone
stone
stone
stone
stone
stone
stone
stone
stone
stone
wall
*37 rocks
.dark part of a room
wall
.dark part of a room
.dark part of a room
wall
wall
wall
wall
wall
stone
stone
stone
stone
stone
stone
stone
stone
stone
stone
stone
stone
stone
stone
stone
stone
stone
stone
stone
stone
stone
stone
stone
stone
stone
stone
stone
stone
stone
stone
stone
stone
stone
stone
stone
stone
stone
stone
stone
stone
stone
stone
stone
stone
stone
stone
stone
stone
stone
stone
stone
stone
stone
wall
wall
wall
wall
wall
wall
wall
wall
wall
wall
wall
wall
wall
wall
wall
wall
.dark part of a room
.dark part of a room
.dark part of a room
.dark part of a room
.dark part of a room
.dark part of a room
.dark part of a room
.dark part of a room
.dark part of a room
wall
stone
stone
stone
stone
stone
stone
stone
stone
stone
stone
stone
stone
stone
stone
stone
stone
stone
stone
stone
stone
stone
stone
stone
stone
stone
stone
stone
stone
stone
stone
stone
stone
stone
stone
stone
stone
stone
stone
stone
stone
stone
stone
stone
stone
stone
stone
stone
stone
stone
stone
stone
stone
stone
wall
.floor of a room
.dark part of a room
.dark part of a room
.dark part of a room
.dark part of a room
.dark part of a room
.dark part of a room
.dark part of a room
.dark part of a room
.dark part of a room
.dark part of a room
.dark part of a room
.dark part of a room
.dark part of a room
.dark part of a room
.dark part of a room
wall
.dark part of a room
.dark part of a room
.dark part of a room
wall
.dark part of a room
.dark part of a room
.dark part of a room
wall
stone
stone
stone
stone
stone
stone
stone
stone
stone
stone
stone
stone
stone
stone
stone
stone
stone
stone
stone
stone
stone
stone
stone
stone
stone
stone
stone
stone
stone
stone
stone
stone
stone
stone
stone
stone
stone
stone
stone
stone
stone
stone
stone
stone
stone
stone
stone
stone
stone
stone
stone
stone
stone
wall
|open door
wall
wall
wall
wall
wall
wall
wall
wall
wall
wall
wall
wall
0a boulder
.dark part of a room
.dark part of a room
.dark part of a room
.dark part of a room
wall
.dark part of a room
wall
wall
wall
.dark part of a room
wall
stone
stone
stone
stone
stone
stone
stone
stone
stone
stone
stone
stone
stone
stone
stone
stone
stone
stone
stone
stone
stone
stone
stone
stone
stone
stone
stone
stone
stone
stone
stone
stone
stone
stone
stone
stone
stone
stone
stone
stone
stone
stone
stone
stone
stone
stone
stone
stone
stone
stone
stone
stone
stone
wall
.floor of a room
.floor of a room
.floor of a room
.floor of a room
.floor of a room
.floor of a room
.floor of a room
.floor of a room
.floor of a room
wall
stone
stone
wall
wall
.dark part of a room
wall
.dark part of a room
.dark part of a room
.dark part of a room
.dark part of a room
.dark part of a room
.dark part of a room
.dark part of a room
.dark part of a room
wall
stone
stone
stone
stone
stone
stone
stone
stone
stone
stone
stone
stone
stone
stone
stone
stone
stone
stone
stone
stone
stone
stone
stone
stone
stone
stone
stone
stone
stone
stone
stone
stone
stone
stone
stone
stone
stone
stone
stone
stone
stone
stone
stone
stone
stone
stone
stone
stone
stone
stone
stone
stone
stone
wall
[an orcish helm
.floor of a room
.floor of a room
.floor of a room
.floor of a room
.floor of a room
.floor of a room
.floor of a room
.floor of a room
wall
stone
stone
stone
wall
.dark part of a room
wall
wall
.dark part of a room
.dark part of a room
wall
wall
wall
wall
.dark part of a room
wall
stone
stone
stone
stone
stone
stone
stone
stone
stone
stone
stone
stone
stone
stone
stone
stone
stone
stone
stone
stone
stone
stone
stone
stone
stone
stone
stone
stone
stone
stone
stone
stone
stone
stone
stone
stone
stone
stone
stone
stone
stone
stone
stone
stone
stone
stone
stone
stone
stone
stone
stone
stone
stone
wall
.floor of a room
.floor of a room
.floor of a room
.floor of a room
.floor of a room
.floor of a room
.floor of a room
.floor of a room
.floor of a room
wall
stone
stone
stone
wall
.dark part of a room
.dark part of a room
wall
.dark part of a room
.dark part of a room
.dark part of a room
.dark part of a room
0a boulder
.dark part of a room
.dark part of a room
wall
stone
stone
stone
stone
stone
stone
stone
stone
stone
stone
stone
stone
stone
stone
stone
stone
stone
stone
stone
stone
stone
stone
stone
stone
stone
stone
stone
stone
stone
stone
stone
stone
stone
stone
stone
stone
stone
stone
stone
stone
stone
stone
stone
stone
stone
stone
stone
stone
stone
stone
stone
stone
stone
wall
.floor of a room
.floor of a room
.floor of a room
.floor of a room
.floor of a room
.floor of a room
.floor of a room
.floor of a room
.floor of a room
wall
stone
stone
stone
wall
wall
.dark part of a room
.dark part of a room
.dark part of a room
.dark part of a room
.dark part of a room
.dark part of a room
.dark part of a room
.dark part of a room
.dark part of a room
wall
stone
stone
stone
stone
stone
stone
stone
stone
stone
stone
stone
stone
stone
stone
stone
stone
stone
stone
stone
stone
stone
stone
stone
stone
stone
stone
stone
stone
stone
stone
stone
stone
stone
stone
stone
stone
stone
stone
stone
stone
stone
stone
stone
stone
stone
stone
stone
stone
stone
stone
stone
stone
stone
wall
.floor of a room
.floor of a room
.floor of a room
.floor of a room
<staircase up
.floor of a room
.floor of a room
.floor of a room
.floor of a room
wall
stone
stone
stone
wall
.dark part of a room
.dark part of a room
.dark part of a room
wall
.dark part of a room
.dark part of a room
.dark part of a room
wall
0a boulder
.dark part of a room
wall
stone
stone
stone
stone
stone
stone
stone
stone
stone
stone
stone
stone
stone
stone
stone
stone
stone
stone
stone
stone
stone
stone
stone
stone
stone
stone
stone
stone
stone
stone
stone
stone
stone
stone
stone
stone
stone
stone
stone
stone
stone
stone
stone
stone
stone
stone
stone
stone
stone
stone
stone
stone
stone
wall
.floor of a room
@gnomish healer called spontiff
.floor of a room
.floor of a room
dtame large dog
.floor of a room
.floor of a room
.floor of a room
.floor of a room
wall
stone
stone
stone
wall
.dark part of a room
wall
.dark part of a room
wall
wall
wall
wall
wall
.dark part of a room
.dark part of a room
wall
stone
stone
stone
stone
stone
stone
stone
stone
stone
stone
stone
stone
stone
stone
stone
stone
stone
stone
stone
stone
stone
stone
stone
stone
stone
stone
stone
stone
stone
stone
stone
stone
stone
stone
stone
stone
stone
stone
stone
stone
stone
stone
stone
stone
stone
stone
stone
stone
stone
stone
stone
stone
stone
wall
.floor of a room
.floor of a room
ohill orc
%an iguana corpse
.floor of a room
.floor of a room
.floor of a room
.floor of a room
.floor of a room
wall
stone
stone
stone
wall
.dark part of a room
.dark part of a room
.dark part of a room
.dark part of a room
.dark part of a room
.dark part of a room
.dark part of a room
.dark part of a room
.dark part of a room
.dark part of a room
wall
stone
stone
stone
stone
stone
stone
stone
stone
stone
stone
stone
stone
stone
stone
stone
stone
stone
stone
stone
stone
stone
stone
stone
stone
stone
stone
stone
stone
stone
stone
stone
stone
stone
stone
stone
stone
stone
stone
stone
stone
stone
stone
stone
stone
stone
stone
stone
stone
stone
stone
stone
stone
stone
wall
.floor of a room
lleprechaun
.floor of a room
.floor of a room
.floor of a room
.floor of a room
.floor of a room
.floor of a room
Fbrown mold
wall
stone
stone
stone
wall
wall
wall
wall
wall
wall
wall
wall
>staircase down
.dark part of a room
wall
wall
stone
stone
stone
stone
stone
stone
stone
stone
stone
stone
stone
stone
stone
stone
stone
stone
stone
stone
stone
stone
stone
stone
stone
stone
stone
stone
stone
stone
stone
stone
stone
stone
stone
stone
stone
stone
stone
stone
stone
stone
stone
stone
stone
stone
stone
stone
stone
stone
stone
stone
stone
stone
stone
wall
wall
wall
wall
wall
wall
wall
wall
wall
wall
wall
stone
stone
stone
stone
stone
stone
stone
stone
stone
stone
wall
wall
wall
wall
stone
stone
stone
stone
stone
stone
stone
stone
stone
stone
stone
stone
stone
stone
stone
stone
stone
stone
stone
stone
stone
stone
stone
stone
stone
stone
stone
stone
stone
stone
stone
stone
stone
stone
stone
stone
stone
stone
stone
stone
stone
stone
stone
stone
stone
stone
stone
stone
stone
stone
stone
stone
stone
stone
stone
stone
stone
stone
stone
stone
stone
stone
stone
stone
stone
stone
stone
stone
stone
stone
stone
stone
stone
stone
stone
stone
stone
stone
stone
stone
stone
stone
stone
stone
stone
stone
stone
stone
stone
stone
stone
stone
stone
stone
stone
stone
stone
stone
stone
stone
stone
stone
stone
stone
stone
stone
stone
stone
stone
stone
stone
stone
stone
stone
stone
stone
stone
stone
stone
stone
stone
stone
stone
stone
stone
stone
stone
stone
stone
stone
stone
stone
stone
stone
stone
stone
stone
stone
stone
stone
stone
stone
stone
stone
stone
stone
stone
stone
stone
stone
stone
stone
stone
stone
stone
stone
stone
stone
stone
stone
stone
stone
stone
stone
stone
stone
stone
stone
stone
stone
stone
stone
stone
stone
stone
stone
stone
stone
stone
stone
stone
stone
stone
stone
stone
stone
[Spontiff the Rhizotomist ] St:11 Dx:12 Co:16 In:8 Wi:17 Ch:16 Neutral S:250 Dlvl:4 $:117 HP:0(26) Pw:6(8) AC:-2 Xp:1/0 T:9007

Latest messages:

You see here an iron skull cap.
The large dog bites the leprechaun.
The leprechaun misses the large dog.
What do you want to throw? [$W or ?*] $
In what direction? u
Y - an iron skull cap.
What do you want to take off? [ghqrv or ?*] h
You finish taking off your helm.
What do you want to ready? [- W or ?*] Y
Y - an iron skull cap (at the ready).
What do you want to wear? [hUXY or ?*] Y
You finish your dressing maneuver.
What do you want to take off? [gqrvY or ?*] Y
You finish taking off your helm.
What do you want to wear? [hUXY or ?*] h
You finish your dressing maneuver.
What do you want to drop? [b-dghkln-sv-yB-JNP-Y or ?*] Y
You drop a +0 iron skull cap.
#oh, bugger - all that protection: unknown extended command.
#ffs: unknown extended command.
You drop an iron skull cap.
You drop an iron skull cap.
You cannot drop something you are wearing.
The large dog picks up a gold piece.
$ - 210 gold pieces.
The large dog drops a gold piece.
The large dog bites the leprechaun.
The leprechaun misses the large dog.
The large dog bites the leprechaun.
The leprechaun drinks a potion of full healing!
The leprechaun looks completely healed.
The large dog misses the leprechaun.
The large dog bites the leprechaun.
The leprechaun hits the large dog.
The large dog picks up a gold piece.
The large dog misses the leprechaun.
The leprechaun hits!
Your purse feels lighter.
A mysterious force prevents the leprechaun from teleporting!
The large dog misses the leprechaun.
The large dog drops a gold piece.
$ - a gold piece (117 in total).
The large dog bites the iguana.
The large dog bites the iguana.
The iguana is killed!
The hill orc swings his curved sword.
The hill orc hits!
You die...
Do you want your possessions identified? [ynq] (y) y
Do you want to see the dungeon overview? [ynq] (y) y

Major events:

Turn

1: spontiff the neutral male gnomish Healer entered the dungeon
537: entered the Gnomish Mines
3550: reached Mine Town
7526: entered Sokoban
7900: completed sokoban 1
8875: completed sokoban 2
9007: killed by a hill orc

Inventory:

Coins

$ - 117 gold pieces

Weapons

W - an uncursed +0 dart

Armor

h - a blessed +1 orcish helm (being worn)
g - an uncursed +1 pair of leather gloves (being worn)
v - a blessed +1 pair of elven boots (being worn)
V - an uncursed +0 pair of water walking boots
r - a blessed +1 small shield (being worn)
q - an uncursed +0 dwarvish cloak (being worn)
Q - an uncursed +0 mummy wrapping
d - an uncursed +2 leather armor (being worn)

Comestibles

y - an uncursed apple
c - an uncursed carrot
n - 4 uncursed food rations
p - an uncursed tripe ration
N - an uncursed tripe ration
P - a cursed tripe ration

Scrolls

w - an uncursed scroll of blank paper
F - a blessed scroll of earth
G - an uncursed scroll of earth
I - an uncursed scroll of identify
T - an uncursed scroll of teleportation

Potions

b - a blessed potion of extra healing
C - an uncursed potion of extra healing

Rings

J - a cursed -1 ring of gain strength
R - an uncursed ring of poison resistance
D - an uncursed ring of slow digestion

Wands

S - an uncursed wand of sleep named SMOKY GL (0:5)
B - an uncursed wand of speed monster (0:5)
H - an uncursed wand of teleportation (0:7)

Tools

x - an uncursed magic lamp (lit)
k - an uncursed skeleton key
s - an uncursed stethoscope
o - an uncursed tin whistle

Gems/Stones

E - an uncursed emerald
l - an uncursed flint stone

Spontiff the Healer's attributes:


Background:

You were a Rhizotomist, a level 1 male gnomish Healer.
You were neutral, on a mission for Hermes
who was opposed by Athena (lawful) and Poseidon (chaotic).
You were in Sokoban, on level 4.
You entered the dungeon 9007 turns ago.
It was nighttime.
You had 0 experience points, 20 were needed to attain level 2.
Your score was 250 before end-of-game adjustments.

Basics:

You had 0 out of 26 hit points.
You had 6 out of 8 energy points (spell power).
Your armor class was -2.
Your wallet contained 117 zorkmids.
Autopickup was on for '$!/="?' plus thrown, with exceptions.

Final Characteristics:

Your strength was 11 (limit:18/50).
Your dexterity was 12 (limit:18).
Your constitution was 16 (limit:18).
Your intelligence was 8 (limit:19).
Your wisdom was 17 (limit:18).
Your charisma was 16 (limit:18).

Final Status:

You were not hungry.
You were unencumbered.
You were empty handed.
You were unskilled in bare handed combat.

Final Attributes:

You were piously aligned.
You were poison resistant.
You had infravision.
You were stealthy.
You were warded.
You are dead.

Miscellaneous:
You never encountered a bones level.
Total elapsed playing time was 2 hours, 35 minutes and 30 seconds.

Vanquished creatures:

a watch captain
2 large mimics
a small mimic
4 watchmen
2 ponies
a gnome leader
a gnomish wizard
a kobold mummy
an elf zombie
a little dog
3 dwarves
4 homunculi
a kobold leader
4 hill orcs
2 giant bats
3 orc zombies
2 dwarf zombies
3 iguanas
4 acid blobs
2 coyotes
2 gas spores
5 hobbits
4 manes
2 large kobolds
a hobgoblin
7 giant rats
3 cave spiders
3 brown molds
2 yellow molds
2 green molds
a red mold
3 gnomes
6 gnome zombies
8 geckos
12 jackals
3 foxes
6 kobolds
8 goblins
2 sewer rats
20 grid bugs
4 bats
9 lichens
5 kobold zombies
15 newts
176 creatures vanquished.
No species were genocided or became extinct.

Voluntary challenges:

You never hit with a wielded weapon.
You were a pacifist.
You read items or engraved 4 times.
You never engraved Elbereth.
You never genocided any monsters.
You never polymorphed an object.
You never changed form.
You used no wishes.
You violated the special Sokoban rules once.

Achievements:

You entered the Gnomish Mines.
You entered a shop.
You entered Minetown.
You entered a temple.
You entered Sokoban.

The Dungeons of Doom: levels 1 to 6

   Level 1: "Stashlet"
A fountain.
Level 2:
An armor shop.
Stairs down to The Gnomish Mines.
Level 3:
Many fountains.
Level 4:
A fountain.
Level 5:
Many fountains.
Oracle of Delphi.
Level 6:
Stairs up to Sokoban, level 5.

The Gnomish Mines: levels 3 to 6

   Level 3:
Level 4:
Level 5:
Some shops, a temple, some fountains.
Level 6:

Sokoban: levels 5 up to 4

   Level 4: <- You were here.
Solved.
Final resting place for
you, killed by a hill orc.
Level 5:
Solved.

Game over:

----------
/ \
/ REST \
/ IN \
/ PEACE \
/ \
| spontiff |
| 117 Au |
| killed by a hill |
| orc |
| |
| |
| 2022 |
*| * * * | *
_________)/\\_//(\/(/\)/\//\/|_)_______

Goodbye spontiff the Healer...


You died in Sokoban on dungeon level 4 with 250 points,
and 117 pieces of gold, after 9007 moves.
You were level 1 with a maximum of 26 hit points when you died.